Map: 2000 Atmospheres LE

Players

A.I. 1 (Very Easy)

  • Race: Zerg Zerg

Zaechus - Winner!

  • Race: Protoss Protoss
  • League: Diamond

VOD

Have the link to the VOD?

Description

Time

  • Played on: April 9, 2021, 12:45 a.m.
  • Length: 9:03
Show
View Real Time Build Order
Export as new Build Order

A.I. 1 (Very Easy) Zerg 

Build Orders: Pool First 

Get SALT Encoding   

  12  0:01  Drone  
  13  0:12  Overlord  
  13  0:16  Drone  
  14  0:35  Spawning Pool  
  14  0:37  Extractor  
  14  0:39  Drone  
  13  0:47  Drone  
  14  0:52  Overlord  
  14  1:22  Zergling x2  
  14  1:23  Queen  
  17  1:30  Roach Warren  
  16  1:34  Drone  
  16  1:39  Extractor  
  16  1:40  Zergling x2  
  16  1:42  Drone  
  18  1:56  Drone  
  18  1:58  Zergling x2  
  20  2:06  Drone  
  21  2:17  Drone  
  22  2:28  Drone  
  23  2:30  Overlord  
  23  2:35  Drone  
  24  2:42  Drone  
  25  3:40  Drone  
  23  3:48  Drone  
  23  3:50  Zergling x2  
  24  3:55  Drone  
  25  4:02  Drone  
  25  5:44  Drone  
  25  5:45  Lair, Roach  
  25  5:48  Overlord  
  28  5:52  Drone  
  27  5:59  Drone  
  27  6:02  Overlord  
  28  6:08  Overlord  
  28  6:25  Overlord  
  26  6:30  Overlord  
  22  6:48  Queen, Drone, Overlord  
  22  6:49  Zergling x2  
  22  6:53  Overlord  
  26  7:01  Overseer  
  22  7:12  Drone, Overlord  
  23  7:18  Zergling x2  
  23  7:19  Drone  
  25  7:23  Overseer  
  25  7:30  Drone  
  26  7:37  Drone  
  26  7:38  Hatchery  
  26  7:44  Drone  
  26  7:46  Roach  
  29  7:53  Drone  
  29  7:55  Overlord  
  30  8:00  Drone  
  31  8:15  Zergling x2  
  23  8:42  Drone, Overlord  
  23  8:43  Zergling x2  
  12  8:49  Drone  
Show
View Real Time Build Order
Export as new Build Order

Zaechus Protoss - Winner!

Build Orders: 1 Gate Expand, Oracle Opening, Phoenix Opening, Chargelot Immortal, Mass Phoenix 

Get SALT Encoding   

  12  0:00  Probe  
  13  0:12  Probe  
  14  0:20  Pylon  
  14  0:24  Probe  
  15  0:38  Gateway  
  15  0:41  Probe (Chrono Boost)  
  16  0:48  Assimilator  
  16  0:51  Probe (Chrono Boost)  
  16  0:56  Probe (Chrono Boost)  
  18  1:08  Probe  
  19  1:26  Nexus  
  19  1:30  Probe  
  20  1:42  Cybernetics Core  
  20  1:44  Probe  
  21  1:51  Assimilator  
  21  1:56  Probe  
  22  2:06  Pylon  
  22  2:08  Probe  
  23  2:21  Adept (Chrono Boost)  
  23  2:24  Probe  
  26  2:31  Stargate  
  27  2:38  Probe (Chrono Boost)  
  27  2:41  Probe (Chrono Boost)  
  27  2:43  Adept (Chrono Boost)  
  30  2:44  Warp Gate  
  30  2:48  Probe (Chrono Boost)  
  30  2:50  Probe (Chrono Boost)  
  32  2:56  Probe  
  33  3:00  Probe  
  33  3:05  Adept (Chrono Boost)  
  37  3:12  Probe  
  37  3:14  Probe, Phoenix  
  40  3:21  Gateway  
  40  3:25  Probe  
  40  3:26  Probe  
  42  3:32  Pylon  
  42  3:37  Probe  
  42  3:38  Probe  
  44  3:49  Probe  
  44  3:50  Probe, Oracle  
  49  3:58  Stargate  
  49  4:01  Probe  
  49  4:02  Probe, Pylon  
  51  4:13  Probe, Nexus  
  51  4:14  Probe  
  51  4:17  Pylon  
  53  4:22  Assimilator  
  53  4:24  Assimilator  
  53  4:25  Probe  
  53  4:26  Probe  
  53  4:27  Phoenix (Chrono Boost)  
  57  4:37  Probe  
  58  4:38  Probe  
  58  4:41  Shield Battery  
  59  4:49  Probe  
  60  4:54  Phoenix x2 (Chrono Boost)  
  60  4:56  Probe  
  60  4:59  Pylon  
  65  5:01  Probe  
  66  5:07  Pylon  
  66  5:08  Probe  
  66  5:10  Phoenix (Chrono Boost)  
  66  5:13  Probe  
  70  5:17  Phoenix (Chrono Boost)  
  70  5:20  Probe  
  73  5:21  Shield Battery  
  73  5:25  Probe x2  
  73  5:27  Pylon  
  75  5:32  Phoenix (Chrono Boost)  
  75  5:33  Probe  
  78  5:37  Probe  
  78  5:38  Probe  
  78  5:40  Phoenix (Chrono Boost)  
  82  5:45  Probe  
  82  5:49  Probe  
  84  5:50  Probe  
  84  5:55  Robotics Facility  
  84  5:56  Robotics Facility  
  85  5:57  Probe, Forge  
  85  6:01  Probe, Twilight Council  
  85  6:02  Probe  
  88  6:09  Probe  
  89  6:13  Probe  
  89  6:14  Gateway, Probe  
  89  6:15  Gateway  
  89  6:17  Gateway  
  91  6:21  Probe  
  91  6:24  Protoss Ground Weapons Level 1 (Chrono Boost)  
  92  6:25  Probe  
  92  6:26  Probe  
  92  6:30  Charge (Chrono Boost)  
  92  6:32  Pylon  
  94  6:33  Probe, Pylon  
  94  6:34  Pylon  
  94  6:36  Pylon  
  94  6:38  Probe  
  94  6:39  Probe  
  97  6:44  Immortal (Chrono Boost)  
  97  6:45  Probe  
  102  6:47  Immortal (Chrono Boost)  
  102  6:50  Probe  
  102  6:51  Probe  
  108  6:57  Probe  
  109  7:02  Probe  
  109  7:03  Probe  
  109  7:07  Sentry  
  109  7:08  Sentry  
  115  7:09  Probe  
  115  7:11  Zealot  
  115  7:12  Sentry  
  115  7:14  Probe  
  121  7:16  Immortal  
  121  7:19  Warp Prism  
  127  7:22  Photon Cannon  
  127  7:25  Shield Battery  
  127  7:31  Assimilator  
  127  7:35  Assimilator  
  127  7:36  Shield Battery  
  127  7:38  Photon Cannon  
  127  7:39  Nexus  
  127  7:40  Pylon  
  127  7:49  Zealot x5  
  137  7:57  Immortal x2 (Chrono Boost), Templar Archives  
  145  8:19  Zealot x2  
  149  8:28  Pylon  
  149  8:29  Pylon  
  149  8:30  Pylon x2  
  147  9:00  Pylon  
  147  9:01  Fleet Beacon  
Tags
 
Add a new tag
Caveats
  • Supply blocks, unpowered buildings, or Contaminate may cause inaccurate times.
  • Supply counts are checked every 10 seconds.